Description

3 Gate Stalker pressure with Shield Battery

Replay - 2017-11-15 - (P)puCK VS (T)Lisa

Build Order

Get SALT Encoding   

  12  0:01  Probe  
  13  0:15  Pylon  
  13  0:18  Probe  
  14  0:30  Probe (Chrono Boost)  
  15  0:37  Gateway  
  16  0:43  Probe (Chrono Boost)  
  16  0:46  Assimilator  
  16  0:50  Probe  
  17  1:03  Probe  
  18  1:15  Probe  
  19  1:27  Nexus  
  19  1:29  Probe  
  19  1:42  Cybernetics Core  
  19  1:43  Probe  
  20  1:48  Assimilator  
  20  1:55  Probe  
  20  2:00  Pylon  
  22  2:18  Warp Gate (Chrono Boost)  
  22  2:19  Stalker (Chrono Boost)  
  25  2:39  Stalker  
  28  2:59  Gateway x2  
  30  3:25  Shield Battery  
  37  3:56  Stalker x3  
  44  4:02  Pylon x2  
  46  4:18  Pylon  
  46  4:21  Stalker x3  
  54  4:37  Shield Battery x2  
  51  4:49  Stalker x2  
  51  4:52  Shield Battery  
  59  5:07  Twilight Council  
  59  5:13  Assimilator x2  
Spawning Tool Build Advisor. Get it on Overwolf

Go to:

Details

  • Created by: SiF
  • Published on: Nov 16, 2017
  • Modified on: Nov 16, 2017
  • Patch: 4.0.0
Show
View Real Time Build Order
Export as new Build Order

Comments (3)

On Nov. 20, 2017, 2:40 p.m., StoicLoofah  said:

yeah that are definitely some bugs in the replay parsing right now: specifically, the new chronoboost isn't in place yet, so the timing will be off. the fix is in the works

On Nov. 18, 2017, 8:05 a.m., SiF  said:

Think it's a bug in the extraction

On Nov. 17, 2017, 9:16 a.m., CannedCornn  said:

Does the cybercore take 6 seconds to finish now?

Create an account to comment!